[Event "Titled Tuesday Blitz April 18 Early 2023"]
[White "Ashraf, Artin"]
[Black "Wahedi, Ahmad Siar"]
[WhiteFideId "22514805"]
[BlackFideId "4651260"]
[WhiteElo "2188"]
[BlackElo "2251"]
[Result "1-0"]
[Round "01"]
[TimeControl "180+2"]
[Date "2023.04.18"]
[WhiteClock "0:00:05"]
[BlackClock "0:00:20"]

1. d4 e6 2. Nc3 d5 3. Bf4 Nf6 4. Nb5 Na6 5. e3 c6 6. Nc3 Nb8 7. Nf3 b6 8. Ne5 a5 9. Qf3 Be7 10. Bd3 Ba6 11. O-O O-O 12. Rad1 Bxd3 13. Rxd3 b5 14. Ne2 Ne4 15. Qh3 f5 16. f3 Nf6 17. Bg5 Nfd7 18. Bf4 Nxe5 19. Bxe5 Bd6 20. Qg3 Bxe5 21. Qxe5 Qf6 22. Qc7 Qf7 23. Qd6 Ra7 24. Nf4 Re8 25. Rc3 Rd7 26. Qe5 a4 27. Nd3 Qf6 28. Qg3 Rb7 29. Ne5 Rb6 30. Rd1 g6 31. Rc5 Kg7 32. Rd3 Re7 33. Rdc3 Rc7 34. Nd3 Qe7 35. Nb4 Kf7 36. Qe5 Nd7 37. Qxc7 Qxc5 38. dxc5 1-0


[Site "https://www.chess.com"]

[Event "Titled Tuesday Blitz April 18 Early 2023"]
[White "Eggink, Ryszard"]
[Black "Preotu, Razvan"]
[WhiteFideId "1125869"]
[BlackFideId "2613280"]
[WhiteElo "2283"]
[BlackElo "2407"]
[Result "1-0"]
[Round "01"]
[TimeControl "180+2"]
[Date "2023.04.18"]
[WhiteClock "0:01:05"]
[BlackClock "0:02:01"]

1. d4 Nf6 2. c4 g6 3. Nc3 d5 4. cxd5 Nxd5 5. e4 Nxc3 6. bxc3 Bg7 7. Nf3 c5 8. Be2 Nc6 9. e5 cxd4 10. cxd4 Bg4 11. Be3 Qa5+ 12. Qd2 Qxd2+ 13. Nxd2 Be6 14. Bc4 Bxc4 15. Nxc4 O-O-O 16. Rd1 Rd5 17. Ke2 Rhd8 18. Rd2 Nxd4+ 19. Bxd4 Rxd4 20. Nd6+ exd6 21. Rxd4 Bxe5 22. Rc4+ Kd7 23. f4 d5 24. Rd1 Ke6 25. fxe5 1-0


[Site "https://www.chess.com"]

[Event "Titled Tuesday Blitz April 18 Early 2023"]
[White "Aydincelebi, Kagan"]
[Black "Nikolova, Adriana"]
[WhiteFideId "6361102"]
[BlackFideId "2908689"]
[WhiteElo "2180"]
[BlackElo "2213"]
[Result "1-0"]
[Round "01"]
[TimeControl "180+2"]
[Date "2023.04.18"]
[WhiteClock "0:00:38"]
[BlackClock "0:00:02"]

1. e4 c5 2. Nf3 d6 3. Bb5+ Bd7 4. Bxd7+ Qxd7 5. O-O Nc6 6. Re1 Nf6 7. c3 e6 8. d4 cxd4 9. cxd4 d5 10. e5 Ne4 11. a3 Be7 12. Qd3 O-O 13. Nbd2 Nxd2 14. Bxd2 Rac8 15. h4 Rc7 16. Ng5 g6 17. h5 Rfc8 18. hxg6 fxg6 19. Rad1 Bxg5 20. Bxg5 Ne7 21. Bf6 Nf5 22. g4 Ng7 23. Kg2 Ne8 24. Bg5 Rc2 25. Re3 Rxb2 26. Rh1 Qb5 27. Qd1 Rcc2 28. Rf3 Qe2 29. Qxe2 Rxe2 30. Be7 Kg7 31. Rf8 Nc7 32. Rh3 Re4 33. Rg3 h6 34. Kh3 Nb5 35. Rgf3 g5 36. R8f7+ Kg6 37. R3f6# 1-0


[Site "https://www.chess.com"]

[Event "Titled Tuesday Blitz April 18 Early 2023"]
[White "Fernandez Siles, Luis"]
[Black "Mekhitarian, Krikor Sevag"]
[WhiteFideId "2209420"]
[BlackFideId "2107660"]
[WhiteElo "2195"]
[BlackElo "2604"]
[Result "0-1"]
[Round "01"]
[TimeControl "180+2"]
[Date "2023.04.18"]
[WhiteClock "0:00:15"]
[BlackClock "0:00:23"]

1. e4 c5 2. Nf3 e6 3. c3 Nf6 4. e5 Nd5 5. Bc4 d6 6. d4 cxd4 7. cxd4 Be7 8. O-O O-O 9. Qe2 Nc6 10. Bd2 b6 11. Nc3 Nxc3 12. Bxc3 dxe5 13. dxe5 Bb7 14. Rfd1 Qc8 15. Rac1 Rd8 16. Rd3 Bf8 17. Rxd8 Qxd8 18. Rd1 Qe8 19. Bd3 h6 20. h4 Ne7 21. Nd4 a6 22. Bc2 Rd8 23. Qd3 g6 24. Qg3 h5 25. Re1 Bg7 26. Nf3 Nd5 27. Bd4 Rc8 28. Be4 Qa4 29. b3 Qb4 30. Rd1 Nc3 31. Bxb7 Ne2+ 32. Kh2 Nxg3 33. Bxc8 Nf5 34. Bb2 Bf8 35. Rd8 Kg7 36. Ng5 Qxh4+ 37. Kg1 Qxg5 0-1


[Site "https://www.chess.com"]

[Event "Titled Tuesday Blitz April 18 Early 2023"]
[White "Rodshtein, Maxim"]
[Black "Girsh, Daniel"]
[WhiteFideId "2806851"]
[BlackFideId "30949190"]
[WhiteElo "2555"]
[BlackElo "2075"]
[Result "1-0"]
[Round "01"]
[TimeControl "180+2"]
[Date "2023.04.18"]
[WhiteClock "0:01:21"]
[BlackClock "0:00:24"]

1. c4 e6 2. Nc3 d5 3. d4 Nf6 4. cxd5 exd5 5. Bg5 c6 6. e3 h6 7. Bh4 Be7 8. Bd3 O-O 9. Nge2 Ne8 10. Bg3 Nd6 11. Qc2 Re8 12. O-O Bf8 13. Rad1 b5 14. Rfe1 Nd7 15. Nc1 a5 16. f3 Ba6 17. e4 b4 18. Bxa6 Rxa6 19. Na4 dxe4 20. fxe4 Nb5 21. Nb3 Qc8 22. h3 c5 23. dxc5 Rc6 24. Qc4 Na7 25. Nxa5 Bxc5+ 26. Nxc5 Rxc5 27. Qxb4 Rb5 28. Qd2 Qc5+ 29. Bf2 Qe5 30. Qxd7 Rxa5 31. Bxa7 Rxa2 32. Bd4 Qb8 33. Bc3 Ra7 34. Qd4 f6 35. e5 fxe5 36. Rxe5 Rf8 37. Re6 Raf7 38. Rg6 Qb7 39. Qd5 Qb6+ 40. Rxb6 1-0


[Site "https://www.chess.com"]

[Event "Titled Tuesday Blitz April 18 Early 2023"]
[White "Harriott, Tyrell"]
[Black "Fier, Alexandr"]
[WhiteFideId "2086484"]
[BlackFideId "2107139"]
[WhiteElo "2107"]
[BlackElo "2610"]
[Result "0-1"]
[Round "01"]
[TimeControl "180+2"]
[Date "2023.04.18"]
[WhiteClock "0:01:36"]
[BlackClock "0:01:14"]

1. d4 Nf6 2. e3 c5 3. f4 cxd4 4. exd4 g6 5. Nf3 Bg7 6. Bd3 O-O 7. f5 Nc6 8. O-O d6 9. fxg6 fxg6 10. Qe2 Bg4 11. c3 e5 12. dxe5 Nxe5 13. Nbd2 Nxd3 14. Qxd3 Kh8 15. Nd4 Qa5 16. N2b3 Qd5 17. Qg3 Bd7 18. Qh4 Qe4 19. Bg5 Qxh4 20. Bxh4 Ne4 21. Rfe1 d5 22. Nc5 Nxc5 23. Be7 Rfc8 24. Bxc5 Rxc5 25. Re7 Rd8 26. Rae1 Rcc8 27. Ne6 Bxe6 28. R1xe6 d4 29. Rxb7 dxc3 30. Ree7 c2 31. Rbc7 c1=Q+ 32. Rxc1 Rxc1+ 33. Kf2 Bxb2 34. h3 Rc2+ 35. Kf3 Rf8+ 36. Ke4 Rxg2 37. Ke3 Rg3+ 38. Kd2 Rxh3 39. Rxa7 Rf2+ 40. Ke1 Bd4 41. Ra8+ Kg7 0-1


[Site "https://www.chess.com"]

[Event "Titled Tuesday Blitz April 18 Early 2023"]
[White "Hambleton, Aman"]
[Black "Pein, Jonathan"]
[WhiteFideId "2606577"]
[BlackFideId "417092"]
[WhiteElo "2511"]
[BlackElo "2151"]
[Result "1-0"]
[Round "01"]
[TimeControl "180+2"]
[Date "2023.04.18"]
[WhiteClock "0:01:15"]
[BlackClock "0:01:38"]

1. d4 d6 2. e4 Nf6 3. f3 e5 4. dxe5 dxe5 5. Qxd8+ Kxd8 6. Bc4 Be6 7. Bxe6 fxe6 8. Be3 Nbd7 9. Nd2 Bc5 10. Nf1 Ke7 11. O-O-O Bxe3+ 12. Nxe3 b5 13. Nh3 a5 14. Rd2 Ra6 15. Nf2 Rd6 16. Nd3 Rd8 17. Rhd1 Ne8 18. Ng4 h5 19. Ngxe5 Nxe5 20. Nxe5 Kf6 21. Nc6 Ra8 22. e5+ Kf5 23. exd6 cxd6 24. Nd4+ Kf6 25. Nxb5 d5 26. a4 Rc8 27. f4 h4 28. b3 Kf5 29. g3 h3 30. Re1 1-0


[Site "https://www.chess.com"]

[Event "Titled Tuesday Blitz April 18 Early 2023"]
[White "Lach, Aleksandra"]
[Black "Szpar, Milosz"]
[WhiteFideId "1134299"]
[BlackFideId "1184989"]
[WhiteElo "2111"]
[BlackElo "2436"]
[Result "0-1"]
[Round "01"]
[TimeControl "180+2"]
[Date "2023.04.18"]
[WhiteClock "0:00:07"]
[BlackClock "0:00:06"]

1. e4 c5 2. Nc3 e6 3. Nge2 Nc6 4. g3 d5 5. exd5 exd5 6. d4 Bg4 7. Bg2 Nf6 8. h3 Be6 9. O-O Be7 10. dxc5 Bxc5 11. Bg5 O-O 12. Rb1 d4 13. Bxf6 gxf6 14. Ne4 Be7 15. Nf4 f5 16. Nd2 Bxa2 17. Ra1 Be6 18. Re1 Qd7 19. Qh5 Bf6 20. Nf3 Kh8 21. Ng5 Bxg5 22. Qxg5 f6 23. Qh4 Ne5 24. Nxe6 Qxe6 25. Qxd4 Qf7 26. Qf4 Qg6 27. Bxb7 Rad8 28. Bg2 Rf7 29. Ra6 Rfd7 30. Kh2 Rd2 31. Rxa7 R2d4 32. Qe3 Qh5 33. Kg1 f4 34. gxf4 Rd1 35. Ra1 Rxa1 36. Rxa1 Ng6 37. Qe6 Qh4 38. Re1 Nxf4 39. Qg4 Qh6 40. Qf3 Rg8 41. Kf1 Nxg2 42. Re6 Qc1+ 43. Ke2 Qe1+ 44. Kd3 Qxe6 45. Kc3 Rc8+ 46. Kb4 Qb6+ 47. Ka3 Qa6+ 48. Kb3 Rb8+ 49. Kc3 Qa5+ 50. Kd3 Ne1+ 51. Ke2 Nxf3 0-1


[Site "https://www.chess.com"]

[Event "Titled Tuesday Blitz April 18 Early 2023"]
[White "Milikow, Yoav"]
[Black "Alexikov, Alexander"]
[WhiteFideId "2822237"]
[BlackFideId "14103958"]
[WhiteElo "2410"]
[BlackElo "2186"]
[Result "1-0"]
[Round "01"]
[TimeControl "180+2"]
[Date "2023.04.18"]
[WhiteClock "0:00:54"]
[BlackClock "0:00:09"]

1. e4 c5 2. Nc3 Nc6 3. Bb5 Nd4 4. Bd3 e6 5. Nf3 Ne7 6. O-O Nec6 7. Nxd4 Nxd4 8. Qg4 h5 9. Qh3 g5 10. Ne2 Nc6 11. f4 g4 12. Qe3 d5 13. exd5 Qxd5 14. Be4 Qd6 15. b3 Bg7 16. c3 b6 17. Ba3 Qc7 18. d4 cxd4 19. cxd4 Bb7 20. d5 Nd8 21. d6 Qd7 22. Bxb7 Qxb7 23. Rac1 Nc6 24. d7+ Qxd7 25. Rfd1 Qb7 26. Qe4 Na5 27. Qa4+ b5 28. Qxa5 1-0


[Site "https://www.chess.com"]

[Event "Titled Tuesday Blitz April 18 Early 2023"]
[White "Yanayt, Eugene"]
[Black "Beerdsen, Thomas"]
[WhiteFideId "2020165"]
[BlackFideId "1030108"]
[WhiteElo "2083"]
[BlackElo "2547"]
[Result "0-1"]
[Round "01"]
[TimeControl "180+2"]
[Date "2023.04.18"]
[WhiteClock "0:01:42"]
[BlackClock "0:02:16"]

1. d4 Nf6 2. c4 a6 3. Nc3 b5 4. cxb5 axb5 5. Nxb5 e5 6. dxe5 Ne4 7. a3 Bb4+ 8. axb4 Rxa1 9. Qc2 Nc6 10. Nc3 d5 11. exd6 Nxc3 12. bxc3 O-O 13. Nf3 Qxd6 14. Qb2 Rd8 15. Nd2 Ra8 16. g3 Be6 0-1


[Site "https://www.chess.com"]

[Event "Titled Tuesday Blitz April 18 Early 2023"]
[White "Smirnov, Pavel"]
[Black "Mohammed, Zozek Salah Mohammed"]
[WhiteFideId "4123425"]
[BlackFideId "4803361"]
[WhiteElo "2519"]
[BlackElo "2211"]
[Result "1-0"]
[Round "01"]
[TimeControl "180+2"]
[Date "2023.04.18"]
[WhiteClock "0:01:20"]
[BlackClock "0:00:32"]

1. d4 d5 2. c4 c6 3. Nf3 Nf6 4. e3 e6 5. Bd3 Nbd7 6. O-O dxc4 7. Bxc4 b5 8. Bd3 a6 9. a4 Bb7 10. e4 Be7 11. Qe2 O-O 12. Nbd2 Re8 13. e5 Nd5 14. Ne4 Nf8 15. Bg5 Bxg5 16. Nfxg5 Nb4 17. Qf3 Nxd3 18. Qxf7+ Kh8 19. Qxb7 Qxd4 20. Nf7+ Kg8 21. Nh6+ Kh8 22. Qf7 gxh6 23. Nf6 1-0


[Site "https://www.chess.com"]

[Event "Titled Tuesday Blitz April 18 Early 2023"]
[White "Vivas Zamora, Fabian Ernesto"]
[Black "Harsh Suresh"]
[WhiteFideId "3902480"]
[BlackFideId "45018464"]
[WhiteElo "2262"]
[BlackElo "2227"]
[Result "1-0"]
[Round "01"]
[TimeControl "180+2"]
[Date "2023.04.18"]
[WhiteClock "0:00:05"]
[BlackClock "0:00:14"]

1. e4 c5 2. Nc3 d6 3. d4 cxd4 4. Qxd4 Nc6 5. Qd2 g6 6. b3 Bh6 7. f4 Nf6 8. Bb2 O-O 9. O-O-O Bg4 10. Nge2 e5 11. Kb1 Nd4 12. g3 Nh5 13. Nxd4 exd4 14. Ne2 Re8 15. Bg2 d5 16. e5 f6 17. Qxd4 Bxe2 18. Bxd5+ Kh8 19. exf6 Rf8 20. Rd2 Bg4 21. h3 Nxf6 22. hxg4 Bg7 23. Rxh7+ Kxh7 24. Rh2+ Bh6 25. g5 Qxd5 26. Rxh6+ Kg8 27. Rxg6+ Kh7 28. Rh6+ Kg8 29. Rh8+ Kf7 30. Qxf6+ Ke8 31. Rxf8+ Kd7 32. Rf7+ Kc8 33. Qh8+ Qd8 34. Qc3+ Kb8 35. Qe5+ Kc8 36. Qf5+ Kb8 37. Be5+ Qc7 38. Rf8# 1-0


[Site "https://www.chess.com"]

[Event "Titled Tuesday Blitz April 18 Early 2023"]
[White "Galchenko, Matvey"]
[Black "Matveeva, Olga"]
[WhiteFideId "24175480"]
[BlackFideId "24107018"]
[WhiteElo "2423"]
[BlackElo "2056"]
[Result "0-1"]
[Round "01"]
[TimeControl "180+2"]
[Date "2023.04.18"]
[WhiteClock "0:00:08"]
[BlackClock "0:00:14"]

1. f4 d5 2. Nf3 Nf6 3. g3 c5 4. Bg2 Nc6 5. O-O e6 6. d3 Be7 7. Nc3 O-O 8. e4 dxe4 9. dxe4 a6 10. e5 Nd5 11. Ne4 Qc7 12. c3 b5 13. Qe2 Bb7 14. Be3 Na5 15. Rad1 Nxe3 16. Qxe3 Nc4 17. Qe2 Bxe4 18. Qxe4 Nxb2 19. Rd2 Nc4 20. Rd3 Rad8 21. g4 Rxd3 22. Qxd3 Rd8 23. Qe2 Qd7 24. Qe4 Qd3 25. Qb7 Bf8 26. Ng5 Rd7 27. Qe4 h6 28. Qxd3 Rxd3 29. Ne4 Ne3 30. Re1 c4 31. Bf1 Nxf1 32. Kxf1 a5 33. Rc1 Rf3+ 34. Kg2 Rxf4 35. Nf2 g5 36. Rd1 Bc5 37. Rd8+ Kg7 38. Nh1 Rxg4+ 39. Ng3 h5 40. Kh3 Kg6 41. Rg8+ Kh6 42. Rh8+ Kg7 43. Rxh5 Rh4+ 44. Rxh4 gxh4 45. Kxh4 Bf2 46. Kg4 Bxg3 47. hxg3 b4 48. cxb4 axb4 49. Kf4 b3 50. axb3 cxb3 0-1


[Site "https://www.chess.com"]

[Event "Titled Tuesday Blitz April 18 Early 2023"]
[White "Urbina Perez, Juan Antonio"]
[Black "Bacallao Alonso, Yusnel"]
[WhiteFideId "2217368"]
[BlackFideId "3507416"]
[WhiteElo "2197"]
[BlackElo "2561"]
[Result "1/2-1/2"]
[Round "01"]
[TimeControl "180+2"]
[Date "2023.04.18"]
[WhiteClock "0:00:04"]
[BlackClock "0:00:04"]

1. d4 d5 2. Nf3 e6 3. g3 c5 4. c4 Nf6 5. cxd5 exd5 6. Bg2 Nc6 7. O-O cxd4 8. Nxd4 Bc5 9. Nxc6 bxc6 10. Qc2 Qb6 11. Nc3 Be7 12. b3 O-O 13. Bb2 Bg4 14. e4 Rad8 15. h3 Bh5 16. exd5 cxd5 17. Na4 Qb8 18. Rac1 d4 19. g4 Bg6 20. Qc7 Qxc7 21. Rxc7 Bd6 22. Rc6 Bf4 23. Bc1 Bb8 24. Rd1 Rfe8 25. Nb2 Nd5 26. Rxd4 Re1+ 27. Bf1 h6 28. Bd2 Rb1 29. Rc5 Rxb2 30. Rcxd5 Rxd5 31. Rxd5 Bc7 32. Bc4 Rxa2 33. Rd7 Bb6 34. Kf1 Ra1+ 35. Ke2 Rh1 36. f4 Rh2+ 37. Kd1 Be4 38. Rxf7 Kh8 39. Rf8+ Kh7 40. f5 Rh1+ 41. Ke2 Rh2+ 42. Kd1 Rh1+ 43. Be1 g5 44. Rf7+ Kh8 45. Ke2 Rh2+ 46. Kd1 Bc2+ 47. Kc1 Be3+ 48. Kb2 Bd4+ 49. Ka3 Bb1 50. Rf8+ Kg7 51. Rf7+ Kh8 52. Rf8+ Kg7 53. Rf7+ Kh8 1/2-1/2


[Site "https://www.chess.com"]

[Event "Titled Tuesday Blitz April 18 Early 2023"]
[White "Mahdavi, Reza"]
[Black "Rottenwohrer Suarez, Juan"]
[WhiteFideId "12595926"]
[BlackFideId "32068182"]
[WhiteElo "2357"]
[BlackElo "2174"]
[Result "1-0"]
[Round "01"]
[TimeControl "180+2"]
[Date "2023.04.18"]
[WhiteClock "0:00:24"]
[BlackClock "0:00:03"]

1. Nf3 Nf6 2. g3 b5 3. Bg2 Bb7 4. Na3 b4 5. Nc4 c5 6. O-O g6 7. a3 a5 8. axb4 axb4 9. Rxa8 Bxa8 10. b3 Bg7 11. Bb2 O-O 12. Qa1 Nc6 13. Nfe5 Nxe5 14. Bxe5 Bxg2 15. Kxg2 d6 16. Bb2 Qc7 17. Qa6 h5 18. Ra1 h4 19. f3 Qd7 20. Qa7 Qe6 21. e3 h3+ 22. Kf2 d5 23. Nb6 Ng4+ 24. fxg4 Bxb2 25. Rf1 Qxg4 26. Qd7 Qxd7 27. Nxd7 Rc8 28. Nb6 Rd8 29. Na4 Bg7 30. Nxc5 Rc8 31. d4 e5 32. Rd1 exd4 33. exd4 Bxd4+ 34. Rxd4 Rxc5 35. Rd2 f5 36. Ke3 Kf7 37. Kd4 Rc3 38. Kxd5 Kf6 39. Kd4 g5 40. Rf2 f4 41. Ke4 Re3+ 42. Kd4 Kf5 43. gxf4 g4 44. Kc4 Rf3 45. Rd2 Rxf4+ 46. Kb5 Re4 47. Rf2+ Ke5 48. Rf8 Kd4 49. Kxb4 Ke3+ 50. c4 Rf4 51. Rxf4 Kxf4 52. c5 g3 53. hxg3+ Kxg3 54. c6 h2 55. c7 h1=Q 56. c8=Q Qe4+ 57. Qc4 Qb7+ 58. Qb5 Qe7+ 59. Qc5 Qb7+ 60. Ka4 Qa6+ 61. Qa5 Qc6+ 62. Qb5 Qa8+ 63. Kb4 Qf8+ 64. Kc3 Qc8+ 65. Kb2 Qh8+ 66. Ka2 Qa8+ 67. Qa4 Qc8 68. Qc4 Qa8+ 69. Kb2 Qh8+ 70. Qc3+ Qxc3+ 71. Kxc3 Kf4 72. Kd4 1-0


[Site "https://www.chess.com"]

[Event "Titled Tuesday Blitz April 18 Early 2023"]
[White "Liu, Casper"]
[Black "chessfatbear"]
[WhiteFideId "1454153"]
[WhiteElo "2221"]
[BlackElo "2780"]
[Result "0-1"]
[Round "01"]
[TimeControl "180+2"]
[Date "2023.04.18"]
[WhiteClock "0:00:01"]
[BlackClock "0:01:23"]

1. e4 c5 2. Nc3 Nc6 3. Nf3 g6 4. g3 Bg7 5. Bg2 e6 6. O-O Nge7 7. d3 O-O 8. h4 d6 9. h5 Rb8 10. h6 Bh8 11. a4 a6 12. Be3 Nd4 13. Ra2 e5 14. Nb1 f5 15. c3 Nxf3+ 16. Bxf3 Be6 17. c4 f4 18. Bd2 Nc6 19. Bg4 Qd7 20. Bxe6+ Qxe6 21. Kh2 Nd4 22. gxf4 exf4 23. f3 g5 24. Nc3 Be5 25. Nd5 Kh8 26. Kg2 g4 27. fxg4 f3+ 28. Kf2 Qxg4 29. Rg1 Qh4+ 30. Kf1 Qh3+ 31. Kf2 Qh2+ 32. Kf1 f2 33. Rg7 Qh1+ 0-1


[Site "https://www.chess.com"]

[Event "Titled Tuesday Blitz April 18 Early 2023"]
[White "Nagy, Gabor"]
[Black "Davidson, Kevin"]
[WhiteFideId "737119"]
[BlackFideId "2056810"]
[WhiteElo "2514"]
[BlackElo "2151"]
[Result "1-0"]
[Round "01"]
[TimeControl "180+2"]
[Date "2023.04.18"]
[WhiteClock "0:02:04"]
[BlackClock "0:01:51"]

1. e4 c5 2. Nf3 d6 3. Nc3 Nf6 4. d4 cxd4 5. Nxd4 a6 6. Qd3 Nbd7 7. Be2 Nc5 8. Qe3 g6 9. O-O Bg7 10. h3 O-O 11. Rd1 Qc7 12. a4 Bd7 13. Nf3 Bc6 14. e5 Bxf3 15. exf6 Bxe2 16. fxg7 Bxd1 17. gxf8=Q+ 1-0


[Site "https://www.chess.com"]

[Event "Titled Tuesday Blitz April 18 Early 2023"]
[White "Andrews, Todd"]
[Black "Molina, Roberto Junio Brito"]
[WhiteFideId "2012456"]
[BlackFideId "2109450"]
[WhiteElo "2406"]
[BlackElo "2376"]
[Result "1-0"]
[Round "01"]
[TimeControl "180+2"]
[Date "2023.04.18"]
[WhiteClock "0:01:16"]
[BlackClock "0:00:35"]

1. e4 c6 2. c4 d5 3. exd5 cxd5 4. cxd5 Nf6 5. Nc3 Nxd5 6. Nf3 e6 7. Bc4 Nc6 8. O-O Be7 9. d4 O-O 10. Qe2 Bf6 11. Rd1 Nce7 12. Ne4 b6 13. Ne5 Bb7 14. a3 Nf5 15. g4 Nxd4 16. Nxf6+ gxf6 17. Rxd4 fxe5 18. Qxe5 Qh4 19. Bg5 Qh3 20. Bf1 Qf3 21. Bg2 Qb3 22. Bh6 f6 23. Qxe6+ Kh8 24. Qd7 Rg8 25. Qxb7 Qxb2 26. Rad1 Nc3 27. Bg7+ Rxg7 28. Qxa8+ Rg8 29. Rd8 1-0


[Site "https://www.chess.com"]

[Event "Titled Tuesday Blitz April 18 Early 2023"]
[White "Yuan, Qingyu"]
[Black "KorolDimitriy75"]
[WhiteFideId "8609772"]
[WhiteElo "2359"]
[BlackElo "2404"]
[Result "1-0"]
[Round "01"]
[TimeControl "180+2"]
[Date "2023.04.18"]
[WhiteClock "0:01:08"]
[BlackClock "0:00:03"]

1. e4 c5 2. Nf3 d6 3. Bb5+ Nd7 4. c3 Nf6 5. Qe2 e5 6. O-O Be7 7. d4 O-O 8. Rd1 Qc7 9. Nbd2 a6 10. Bd3 b5 11. dxe5 dxe5 12. c4 b4 13. Nf1 Bb7 14. Ne3 Rfe8 15. Nd5 Bxd5 16. cxd5 a5 17. Bd2 Bd6 18. Rac1 Qb7 19. Bb5 Ra7 20. a4 Re7 21. Nh4 g6 22. Bg5 Kg7 23. Qe3 Qb6 24. Bh6+ Kg8 25. Nf5 Re8 26. f3 Rd8 27. Qg5 Bf8 28. Kh1 Bxh6 29. Nxh6+ Kg7 30. h3 1-0


[Site "https://www.chess.com"]

[Event "Titled Tuesday Blitz April 18 Early 2023"]
[White "Mazurkiewicz, Michal"]
[Black "Csonka, Balazs"]
[WhiteFideId "1124943"]
[BlackFideId "742910"]
[WhiteElo "2054"]
[BlackElo "2404"]
[Result "0-1"]
[Round "01"]
[TimeControl "180+2"]
[Date "2023.04.18"]
[WhiteClock "0:00:01"]
[BlackClock "0:00:08"]

1. e4 e6 2. d3 d5 3. Nd2 Nc6 4. Ngf3 Nf6 5. c3 a5 6. e5 Nd7 7. d4 f6 8. Bb5 Na7 9. Bd3 Nc6 10. Nh4 g6 11. Nxg6 hxg6 12. Bxg6+ Ke7 13. b3 fxe5 14. Nf3 Bh6 15. Ng5 Qg8 16. Bf7 Qg7 17. Ba3+ Nb4 18. Nxe6 Qxg2 19. Rf1 Kxf7 20. Nxc7 Qe4+ 0-1


[Site "https://www.chess.com"]

[Event "Titled Tuesday Blitz April 18 Early 2023"]
[White "Harshavardhan G B"]
[Black "krucki03"]
[WhiteFideId "25059009"]
[WhiteElo "2323"]
[BlackElo "2401"]
[Result "1-0"]
[Round "01"]
[TimeControl "180+2"]
[Date "2023.04.18"]
[WhiteClock "0:00:39"]
[BlackClock "0:00:57"]

1. d4 Nf6 2. Nf3 e6 3. Bg5 c5 4. e3 Qb6 5. Nc3 d5 6. Bxf6 gxf6 7. Na4 Qa5+ 8. c3 b6 9. a3 Bd7 10. b3 Bxa4 11. bxa4 Qxc3+ 12. Nd2 cxd4 13. Rc1 Qxa3 14. Rc8+ Ke7 15. Bb5 Bg7 16. Rc7+ Kd6 17. Rxf7 dxe3 18. Nc4+ 1-0


[Site "https://www.chess.com"]

[Event "Titled Tuesday Blitz April 18 Early 2023"]
[White "Koutsin, Sergey"]
[Black "Kushko, Dmitriy"]
[WhiteFideId "14101483"]
[BlackFideId "14162261"]
[WhiteElo "2381"]
[BlackElo "2230"]
[Result "0-1"]
[Round "01"]
[TimeControl "180+2"]
[Date "2023.04.18"]
[WhiteClock "0:00:07"]
[BlackClock "0:00:18"]

1. d4 g6 2. c4 Bg7 3. Nf3 d6 4. Nc3 e5 5. dxe5 dxe5 6. Qxd8+ Kxd8 7. h3 c6 8. Be3 Be6 9. O-O-O+ Nd7 10. Ng5 Bxc4 11. b3 Be6 12. Nxe6+ fxe6 13. Ne4 Ke7 14. g4 Ngf6 15. Bg5 Rhf8 16. Bg2 h6 17. Bxf6+ Nxf6 18. Nxf6 Bxf6 19. Rhf1 Rad8 20. Be4 g5 21. Rxd8 Rxd8 22. Rd1 Rh8 23. e3 h5 24. Bf3 h4 25. Be4 a5 26. Kc2 Ra8 27. a4 Ra6 28. Rd3 Rb6 29. f3 Rb4 30. Rc3 Kd6 31. Rd3+ Kc7 32. Rc3 Be7 33. Bg6 Bd6 34. Be4 Rb6 35. Rc4 Ra6 36. Rc3 Kd7 37. Rd3 b5 38. Rc3 Rb6 39. Rd3 bxa4 40. bxa4 Rb4 41. Rc3 c5 42. Bd3 Kc7 43. Rc4 Rb8 44. Be4 Rf8 45. Rc3 Be7 46. Rc4 Kd6 47. Rc3 Rb8 48. Rc4 Rb6 49. Bd3 Kd5 50. Kc3 Bf6 51. Be4+ Kd6 52. Kc2 Be7 53. Kc3 Kd7 54. Kc2 Rb8 55. Kc3 Bd6 56. Kc2 Kc7 57. Kc3 Kb6 58. Kc2 Bc7 59. Kc3 Rd8 60. Kc2 Rd6 61. Rc3 Bd8 62. Rb3+ Kc7 63. Rc3 Kb6 64. Rb3+ Ka6 65. Rc3 Bb6 66. Bd3+ Ka7 67. Be4 c4 68. Rxc4 Bxe3 69. Rc7+ Kb6 70. Rb7+ Kc5 71. Kb3 Kd4 72. Rb5 Bd2 73. Kc2 Bb4 74. Rb8 Ke3 75. Rg8 Rd2+ 76. Kb3 Kf4 77. Rg6 Rh2 78. Rf6+ Kg3 79. Rg6 Bd2 80. Rxe6 Bf4 81. Kc4 Kxh3 82. Kb5 Rb2+ 83. Kxa5 Kg2 84. Rh6 h3 0-1


[Site "https://www.chess.com"]

[Event "Titled Tuesday Blitz April 18 Early 2023"]
[White "Cherniaiev, Tykhon"]
[Black "Begunov, Konstantin"]
[WhiteFideId "14182360"]
[BlackFideId "4118510"]
[WhiteElo "2450"]
[BlackElo "2087"]
[Result "1/2-1/2"]
[Round "01"]
[TimeControl "180+2"]
[Date "2023.04.18"]
[WhiteClock "0:00:10"]
[BlackClock "0:00:19"]

1. Nf3 d5 2. d4 c6 3. c4 Nf6 4. e3 a6 5. Nbd2 Bf5 6. b3 e6 7. Bb2 Bd6 8. h3 h6 9. Be2 Nbd7 10. O-O Qe7 11. Re1 Ne4 12. Nxe4 Bxe4 13. Nd2 Bh7 14. Bf3 Nf6 15. e4 dxe4 16. Nxe4 Nxe4 17. Bxe4 Bxe4 18. Rxe4 Ba3 19. Bxa3 Qxa3 20. d5 cxd5 21. cxd5 Rd8 22. Qg4 Qb2 23. Rae1 O-O 24. dxe6 f5 25. Qe2 Qxe2 26. R4xe2 Rfe8 27. Rc1 Re7 28. Rc5 g6 29. g4 fxg4 30. hxg4 Rd6 31. Rc8+ Kg7 32. Kg2 Kf6 33. Rf8+ Kg7 34. Rb8 Kf6 35. Re3 Rdxe6 36. Rxe6+ Kxe6 37. Rh8 Kf6 38. Rxh6 Kg5 39. Rh3 Kxg4 40. Rg3+ Kf5 41. Rf3+ Kg5 42. Rc3 Kf6 43. Kf3 Rd7 44. Re3 Rd6 45. Rc3 a5 46. Rc5 b6 47. Rb5 Ke6 48. Kg2 Kf6 49. a4 Ke6 50. b4 axb4 51. Rxb4 Kf6 52. Rb5 Ke6 53. Kg3 Kf6 54. f4 Ke6 55. Kg4 Kf6 56. Rb4 Rc6 57. Rb5 Rd6 58. a5 bxa5 59. Rxa5 Re6 60. Ra8 Rd6 61. Rf8+ Kg7 62. Re8 Kf7 63. Re5 Kf6 64. Ra5 Rc6 65. Ra8 Rd6 66. Rf8+ Kg7 67. Re8 Kf7 68. Re1 Kf6 69. Rc1 Rb6 70. Rh1 Rc6 71. Rh6 Rc4 72. Rh8 Rc6 73. Rf8+ Kg7 74. Rd8 Kf6 75. Rd4 Re6 76. Rd5 Rc6 77. Kg3 Rc3+ 78. Kg4 Rc6 79. Re5 Re6 80. Rxe6+ Kxe6 81. Kg5 Kf7 82. f5 gxf5 83. Kxf5 1/2-1/2


[Site "https://www.chess.com"]

[Event "Titled Tuesday Blitz April 18 Early 2023"]
[White "Petrova, Irina"]
[Black "Atakishiyev, Elmar"]
[WhiteFideId "14124122"]
[BlackFideId "13410547"]
[WhiteElo "2084"]
[BlackElo "2239"]
[Result "0-1"]
[Round "01"]
[TimeControl "180+2"]
[Date "2023.04.18"]
[WhiteClock "0:00:15"]
[BlackClock "0:01:27"]

1. e4 Nf6 2. e5 Nd5 3. d4 d6 4. c4 Nb6 5. exd6 cxd6 6. Nc3 g6 7. Be3 Bg7 8. Rc1 O-O 9. b3 Bf5 10. Nf3 d5 11. c5 Nc8 12. Be2 Nc6 13. O-O e6 14. a3 N8e7 15. b4 a6 16. Na4 Bg4 17. Nb6 Ra7 18. Qd2 Nf5 19. Bg5 Qe8 20. Ne5 Bxe2 21. Nxc6 bxc6 22. Qxe2 Nxd4 23. Qd3 e5 24. Rfe1 e4 25. Qh3 f5 26. Bf4 Ne6 27. Bh6 f4 28. Bxg7 Rxg7 29. f3 e3 30. Rcd1 h5 31. Qh4 g5 32. Qh3 g4 33. fxg4 hxg4 34. Qh6 f3 35. Rf1 e2 0-1


[Site "https://www.chess.com"]